 Dungeon Crawl Stone Soup version 0.22.0-75-g3901e79 (webtiles) character file.

96980 PaladinM the Fencer (level 16, -1/127 HPs)
             Began as a Human Fighter on Sept 11, 2018.
             Was the Champion of the Shining One.
             Slain by a centaur warrior (7 damage)
             ... on level 15 of the Dungeon.
             The game lasted 02:00:44 (28271 turns).

PaladinM the Fencer (Human Fighter)                Turns: 28271, Time: 02:00:45

Health: -1/127     AC: 27    Str: 20    XL:     16   Next: 68%
Magic:  23/23      EV:  6    Int: 10    God:    the Shining One [******]
Gold:   391        SH:  9    Dex: 15    Spells: 15/15 levels left

rFire    + + +     SeeInvis .   b - +0 double sword (protect)
rCold    + . .     Gourm    .   c - +0 shield
rNeg     + + +     Faith    .   S - +6 plate armour "Wojadwich" {*Corrode rF+++ rC- rN+}
rPois    +         Spirit   .   q - +2 helmet
rElec    .         Reflect  .   W - scarf {rC+ rF+}
rCorr    .         Harm     .   w - +0 pair of gloves
MR       +....                  p - +0 pair of boots {Stlth+}
Stlth    ..........             y - amulet of rage
HPRegen  0.31/turn              t - ring of poison resistance
MPRegen  0.18/turn              v - ring of ice

@: glowing
A: no striking features
a: Divine Shield, Cleansing Flame, Summon Divine Warrior, Brand Weapon With Holy
Wrath, Renounce Religion, Evoke Berserk Rage


You were on level 15 of the Dungeon.
You worshipped the Shining One.
The Shining One was exalted by your worship.
You were near starving.

You visited 5 branches of the dungeon, and saw 25 of its levels.
You visited 1 bazaar.
You also visited: Ice Cave.

You collected 2817 gold pieces.
You spent 2426 gold pieces at shops.

Inventory:

Hand Weapons
 b - a +0 double sword of protection (weapon)
 l - a +1 dagger of flaming
 H - a +0 scimitar of electrocution
 Q - a +1 longbow of freezing
 T - a +4 scimitar of protection
Armour
 c - a +0 shield (worn)
 p - a +0 pair of boots of stealth (worn)
 q - a +2 helmet (worn)
 w - a +0 pair of gloves (worn)
 M - +0 ice dragon scales
 S - the +6 plate armour "Wojadwich" (worn) {*Corrode rF+++ rC- rN+}
   (You found it on level 12 of the Dungeon)

   It renders you almost immune to fire.
   It makes you vulnerable to cold.
   It protects you from negative energy.
   It may corrode you when you take damage.
 W - a scarf of resistance (worn)
Jewellery
 a - a +2 ring of strength
 j - an uncursed amulet of regeneration
 t - a ring of poison resistance (left hand)
 v - a ring of ice (right hand)
 y - an amulet of rage (around neck)
 N - an uncursed ring of wizardry
 P - an uncursed ring of teleportation
 R - an uncursed ring of see invisible
Wands
 z - a wand of iceblast (9)
 D - a wand of flame (100)
 E - a wand of digging (17)
 K - a wand of disintegration (22)
 V - a wand of paralysis (12)
Scrolls
 e - 2 scrolls of fog
 h - 6 scrolls of teleportation
 i - 9 scrolls of remove curse
 k - 2 scrolls of enchant weapon
 m - 5 scrolls of enchant armour
 n - 5 scrolls of identify
 o - 2 scrolls of blinking
 r - 3 scrolls of noise
 x - 2 scrolls of fear
 A - 2 scrolls of magic mapping
 F - 4 scrolls of silence
 U - 2 scrolls of amnesia
Potions
 d - 5 potions of might
 g - 4 potions of lignification
 s - 2 potions of cancellation {unknown}
 u - 7 potions of curing
 B - 3 potions of ambrosia
 C - 2 potions of agility
 G - 2 potions of resistance
 I - 2 potions of berserk rage
 J - a potion of brilliance
 L - 3 potions of heal wounds
 O - a potion of flight
Comestibles
 f - 34 rations


   Skills:
 + Level 11.8 Fighting
 + Level 20.0 Long Blades
 - Level 10.5 Armour
 - Level 5.0 Dodging
 - Level 3.0 Shields
 - Level 9.6 Invocations
 - Level 4.4 Evocations


You had 15 spell levels left.
You didn't know any spells.
Your spell library contained the following spells:

 Spells                   Type           Power        Failure   Level  Hunger
 Beastly Appendage        Tmut           #.....       100%        1    ##.....
 Magic Dart               Conj           #...         100%        1    ##.....
 Sting                    Conj/Pois      #...         100%        1    ##.....
 Blink                    Tloc           N/A          100%        2    ###....
 Call Imp                 Summ           #.......     100%        2    ###....
 Passwall                 Tmut/Erth      #.......     100%        2    ###....
 Poisonous Vapours        Pois/Air       #.....       100%        2    ###....
 Slow                     Hex            #.......     100%        2    ###....
 Sticks to Snakes         Tmut           #.......     100%        2    ###....
 Sublimation of Blood     Necr           #.........   100%        2    ###....
 Conjure Flame            Conj/Fire      #.......     100%        3    ####...
 Ignite Poison            Fire/Tmut/Pois #.......     100%        3    ####...
 Mephitic Cloud           Conj/Pois/Air  #.......     100%        3    ####...
 Spider Form              Tmut/Pois      #.........   100%        3    ####...
 Ice Form                 Ice/Tmut       #.......     100%        4    #####..
 Olgreb's Toxic Radiance  Pois           #.......     100%        4    #####..
 Petrify                  Tmut/Erth      #.......     100%        4    #####..
 Alistair's Intoxication  Tmut/Pois      #.......     100%        5    ######.
 Blade Hands              Tmut           #.........   100%        5    ######.
 Bolt of Magma            Conj/Fire/Erth #.........   100%        5    ######.
 Irradiate                Conj/Tmut      #.........   100%        5    ######.
 Iskenderun's Battlesphe  Conj/Chrm      #.......     100%        5    ######.
 Metabolic Englaciation   Hex/Ice        #.........   100%        5    ######.
 Venom Bolt               Conj/Pois      #.........   100%        5    ######.
 Yara's Violent Unravell  Hex/Tmut       #.........   100%        5    ######.
 Bolt of Cold             Conj/Ice       #.........   100%        6    #######
 Freezing Cloud           Conj/Ice/Air   #.........   100%        6    #######
 Iron Shot                Conj/Erth      #.........   100%        6    #######
 Ozocubu's Refrigeration  Ice            #.........   100%        6    #######
 Simulacrum               Ice/Necr       #.........   100%        6    #######
 Orb of Destruction       Conj           #.........   100%        7    #######
 Spellforged Servitor     Conj/Summ      #.........   100%        7    #######


Dungeon Overview and Level Annotations

Branches:
Dungeon (15/15)            Temple (1/1) D:4            Lair (6/6) D:10
 Shoals (1/4) Lair:4       Spider (0/4) Lair:4        Slime (0/5) Lair:6
    Orc (2/2) D:11            Elf (0/3) Orc:2        Vaults (0/5) D:13
 Depths (0/5) D:15

Altars:
Ashenzari
Cheibriados
Dithmenos
Elyvilon
Fedhas
Gozag
Hepliaklqana
Kikubaaqudgha
Makhleb
Nemelex Xobeh
Okawaru
Qazlal
Ru
Sif Muna
Trog
Uskayaw
Vehumet
Wu Jian
Xom
Yredelemnul
Zin
The Shining One
Beogh
Jiyva

Shops:
D:13 *   Orc:2 !?**((([[

Annotations:
Lair:2 Sonja
Lair:5 1 exclusion
Lair:6 1 runed door


Message History

You slash the ettin!
The ettin is heavily wounded.
The ettin hits you but does no damage. The ettin barely misses you.
You hit the ettin but do no damage.
The ettin is heavily wounded.
You are near starving!
A tengu conjurer comes into view.
The tengu conjurer gestures wildly while chanting.
The tengu conjurer blinks!
A tengu warrior comes into view. It is wielding a war axe.
You block the ettin's attack. The ettin completely misses you.
You enter the shallow water.
Moving in this stuff is going to be slow.
There is an escape hatch in the ceiling here.
The ettin hits you with a dire flail!!
* * * LOW HITPOINT WARNING * * *
You block the ettin's attack.
The centaur warrior unwields an uncursed shortbow.
The centaur warrior hits you!
You die...

,,,,,,,,,,,,,,,,,,,,,,,,,,,,,,,,,
,*****,,[.....*****,********,,,,,
,* *,,......* *,# *,,,,, ,*
*,,......* *.# *,,,,,
.#####........#####.#*******,,,,,
....................,,,,,,,,,,,,,
*#.......#*##≈≈≈≈≈##***,*******,*
#.......###≈≈≈≈≈≈≈# *,* *,*
#.......##.≈≈<∩@≈≈# *,* *,*
#.......##.≈≈≈cC≈≈# *,* *,*
##.......#..#≈≈≈≈≈#####.*******,*
........................,,,,,,,,,
##.#####.#######.#######***,*****
#.# #.# #.# *,* #.# #.# #.#
*,*#*** #.# #.# #.# *,.#.,,
##.#####.#######.##########..Q.,,


You could see an ettin and a centaur warrior.

Vanquished Creatures
  2 frost giants
  A stone giant (Orc:1)
  2 ogre magi
  A rakshasa (D:12)
  A vault guard (D:13)
  7 hydras
  A death knight (D:14)
  2 centaur warriors
  2 dancing weapons (D:6)
  4 two-headed ogres
  A tengu warrior (D:14)
  A death yak (IceCv)
  2 orc high priests (Orc:2)
  2 skeletal warriors
  3 unseen horrors
  A deep troll (D:15)
  An orc knight (Orc:2)
  3 deep elf magi (D:12)
  A harpy (D:14)
  5 ugly things (D:13)
  5 orc sorcerers (Orc:2)
  3 manticores
  11 elephants
  2 cyclopes (D:12)
  An ice statue (IceCv)
  5 black mambas
  A torpor snail (Lair:3)
  22 spiny frogs
  A gargoyle (D:14)
  3 rime drakes
  A freezing wraith (D:13)
  2 kobold demonologists
  A yaktaur (D:12)
  7 komodo dragons
  7 trolls
  4 tyrant leeches
  12 polar bears (IceCv)
  7 hippogriffs
  27 blink frogs
  7 slime creatures
  A tarantella (shapeshifter) (D:15)
  2 wraiths
  3 shadows
  8 wyverns
  62 yaks
  3 hungry ghosts
  5 basilisks
  10 vampire mosquitoes
  Edmund (D:6)
  14 water moccasins
  10 porcupines
  23 orc warriors
  A hornet zombie (D:12)
  5 sky beasts
  3 eyes of draining
  4 ice beasts
  4 black bears
  2 necrophages
  13 ogres
  A phantom (D:4)
  2 boggarts (D:12)
  14 centaurs
  55 wolves
  13 crocodiles
  3 big kobolds
  36 bullfrogs
  A wyvern zombie (D:6)
  A wyvern skeleton (D:10)
  5 scorpions
  12 killer bees
  3 wights (D:7)
  4 howler monkeys
  4 electric eels
  2 crimson imps (D:7)
  A bullfrog zombie (D:6)
  6 centaur zombies
  3 quasits
  11 hounds
  2 jellies
  A bullfrog skeleton (D:10)
  4 centaur skeletons
  A gnoll shaman (D:7)
  19 orc priests
  Jessica (D:2)
  5 iguanas
  38 orc wizards
  10 worker ants
  Terence (D:2)
  A hound zombie (D:11)
  3 hound skeletons
  A worker ant zombie (D:7)
  11 gnolls
  15 adders
  6 shadow imps
  12 white imps (Lair:1)
  An ooze (D:6)
  4 worms
  A dart slug (D:2)
  3 leopard geckos
  86 orcs
  5 giant cockroaches
  5 goblins
  5 hobgoblins
  18 jackals
  4 quokkas
  7 bats
  7 frilled lizards
  A jackal skeleton (D:6)
  A jackal zombie (D:7)
  17 kobolds
  5 rats
  A spectral orc (D:3)
825 creatures vanquished.

Vanquished Creatures (collateral kills)
  2 two-headed ogres (D:15)
  An unseen horror (D:15)
  A shadow (D:15)
  A basilisk (D:15)
  An ogre (D:15)
6 creatures vanquished.

Vanquished Creatures (others)
  3 polar bears (IceCv)
  A yak (IceCv)
  4 wolves (IceCv)
  A bullfrog (D:15)
  3 orc wizards
  An orc priest (D:5)
  An iguana (D:5)
  A worker ant (D:5)
  A hound zombie (D:5)
  An adder zombie (D:5)
  An orc (Orc:2)
  13 fungi
  46 plants
77 creatures vanquished.

Grand Total: 908 creatures vanquished

Notes
Turn   | Place    | Note
-------+----------+-------------------------------------------
     0 | D:1      | PaladinM the Human Fighter began the quest for the Orb.
     0 | D:1      | Reached XP level 1. HP: 18/18 MP: 1/1
   301 | D:1      | Reached XP level 2. HP: 24/24 MP: 2/2
   452 | D:1      | Reached skill level 3 in Long Blades
   560 | D:1      | Reached XP level 3. HP: 29/29 MP: 3/3
   866 | D:2      | Found a stormy altar of Qazlal.
   962 | D:2      | Found a shattered altar of Ashenzari.
  1006 | D:2      | Noticed Terence
  1034 | D:2      | Killed Terence
  1034 | D:2      | Reached skill level 4 in Long Blades
  1034 | D:2      | Reached XP level 4. HP: 34/35 MP: 4/4
  1087 | D:2      | Noticed Jessica
  1111 | D:2      | Killed Jessica
  1412 | D:2      | Reached XP level 5. HP: 41/41 MP: 5/5
  1492 | D:2      | Found a burning altar of Makhleb.
  1493 | D:2      | Found a snail-covered altar of Cheibriados.
  1630 | D:2      | Reached skill level 5 in Long Blades
  2064 | D:3      | Found a sacrificial altar of Ru.
  2170 | D:3      | Found a burning altar of Makhleb.
  2410 | D:3      | Found a basalt altar of Yredelemnul.
  3005 | D:3      | Reached XP level 6. HP: 29/47 MP: 6/6
  3068 | D:4      | Reached skill level 6 in Long Blades
  3204 | D:4      | Found a staircase to the Ecumenical Temple.
  3236 | Temple   | Entered the Ecumenical Temple
  3285 | Temple   | Became a worshipper of the Shining One
  3550 | D:5      | Entered Level 5 of the Dungeon
  3623 | D:5      | Reached XP level 7. HP: 48/52 MP: 7/7
  3636 | D:4      | Reached skill level 7 in Long Blades
  3988 | D:5      | Reached skill level 8 in Long Blades
  4169 | D:5      | Reached XP level 8. HP: 48/58 MP: 8/8
  4479 | D:6      | Reached * piety under the Shining One
  4659 | D:5      | Reached skill level 9 in Long Blades
  4900 | D:6      | Noticed a hand axe
  4900 | D:6      | Noticed a dagger
  4932 | D:6      | Found a hide-covered altar of Uskayaw.
  4932 | D:6      | Noticed Edmund
  4937 | D:6      | Killed a dagger
  4937 | D:6      | Reached skill level 11 in Long Blades
  4937 | D:6      | Reached XP level 9. HP: 61/63 MP: 9/9
  5478 | D:7      | HP: 1/63 [hand axe (6)]
  5847 | D:6      | Found a deep blue altar of Sif Muna.
  5915 | D:6      | Killed Edmund
  6043 | D:6      | Reached skill level 5 in Fighting
  6176 | D:6      | Killed a hand axe
  6176 | D:6      | Reached XP level 10. HP: 56/78 MP: 10/10
  6207 | D:7      | Reached ** piety under the Shining One
  6589 | D:7      | Identified a scroll of acquirement
  6799 | D:7      | Reached skill level 12 in Long Blades
  7184 | D:8      | Reached skill level 5 in Armour
  7469 | D:8      | Reached *** piety under the Shining One
  7801 | D:8      | Found a roughly hewn altar of Beogh.
  8074 | D:9      | Found a blossoming altar of Fedhas.
  8164 | D:9      | Reached XP level 11. HP: 85/85 MP: 11/11
  8205 | D:9      | Found a glowing silver altar of Zin.
  8344 | D:9      | Reached skill level 1 in Dodging
  9152 | D:10     | Entered Level 10 of the Dungeon
  9383 | D:10     | Reached skill level 13 in Long Blades
  9471 | D:10     | Found a staircase to the Lair.
  9622 | D:10     | Reached skill level 5 in Dodging
  9935 | D:11     | Reached **** piety under the Shining One
 10012 | D:11     | Found a staircase to the Orcish Mines.
 10180 | D:11     | Reached skill level 14 in Long Blades
 10231 | D:11     | Noticed a two-headed ogre
 10241 | D:11     | Killed a two-headed ogre
 10241 | D:11     | Reached XP level 12. HP: 69/91 MP: 12/12
 10484 | Lair:1   | Entered Level 1 of the Lair of Beasts
 10509 | Lair:1   | Found a frozen archway.
 10533 | Lair:1   | Reached ***** piety under the Shining One
 10544 | IceCv    | Entered an ice cave
 10744 | IceCv    | Reached skill level 15 in Long Blades
 10987 | IceCv    | Noticed a death yak
 11008 | IceCv    | Killed a death yak
 11008 | IceCv    | Reached skill level 16 in Long Blades
 11473 | IceCv    | Noticed a frost giant
 11501 | IceCv    | The Shining One protects you from harm!
 11657 | IceCv    | Killed a frost giant
 11657 | IceCv    | Reached XP level 13. HP: 39/97 MP: 10/13
 12135 | Lair:1   | Reached skill level 17 in Long Blades
 12774 | Lair:1   | Noticed a four-headed hydra
 12786 | Lair:1   | Killed a four-headed hydra
 12899 | Lair:1   | Reached skill level 18 in Long Blades
 12953 | Lair:1   | Noticed a six-headed hydra
 12965 | Lair:1   | Killed a six-headed hydra
 13744 | Lair:2   | Noticed an eight-headed hydra
 13960 | Lair:2   | Killed an eight-headed hydra
 14442 | Lair:2   | Noticed Sonja
 15118 | Lair:3   | Reached skill level 1 in Evocations
 15285 | Lair:3   | Reached XP level 14. HP: 78/105 MP: 15/15
 16752 | Lair:4   | Found a staircase to the Shoals.
 16813 | Shoals:1 | Entered Level 1 of the Shoals
 17668 | Lair:4   | Found a hole to the Spider Nest.
 18545 | Lair:4   | Reached skill level 10 in Fighting
 19910 | Lair:6   | Entered Level 6 of the Lair of Beasts
 20388 | Lair:6   | Reached XP level 15. HP: 82/118 MP: 18/18
 20598 | Lair:6   | Found a runed door.
 20605 | Lair:6   | Found a viscous altar of Jiyva.
 20617 | Lair:6   | Found a staircase to the Slime Pits.
 20667 | Lair:6   | Reached skill level 10 in Armour
 21235 | Lair:6   | Reached ****** piety under the Shining One
 21730 | Orc:1    | Entered Level 1 of the Orcish Mines
 21777 | Orc:1    | Found a roughly hewn altar of Beogh.
 21880 | Orc:2    | Entered Level 2 of the Orcish Mines
 21911 | Orc:2    | Reached skill level 19 in Long Blades
 21945 | Orc:2    | Found a roughly hewn altar of Beogh.
 21969 | Orc:2    | Found Qimnaem's Antique Weapon Shop.
 22003 | Orc:2    | Found Kufrupp's Weapon Shop.
 22028 | Orc:2    | Found a bloodstained altar of Trog.
 22029 | Orc:2    | Found Luejarer's Armour Boutique.
 22075 | Orc:2    | Found Xofal's Antique Armour Emporium.
 22088 | Orc:2    | Found a staircase to the Elven Halls.
 22237 | Orc:1    | Noticed a stone giant
 22549 | Orc:1    | Killed a stone giant
 22861 | Orc:2    | Found Loih's Antique Weapon Shop.
 23320 | Orc:2    | Found Qoyjuekk's Assorted Antiques.
 23320 | Orc:2    | Found Xadics's Distillery.
 23321 | Orc:2    | Found Suriun's Magic Scroll Boutique.
 23764 | Orc:2    | Found Qanocuw's General Store.
 23768 | Orc:2    | Bought a scroll of teleportation for 93 gold pieces
 23768 | Orc:2    | Bought a pair of embroidered boots for 232 gold pieces
 23768 | Orc:2    | Bought a scroll labeled MEETI LAD EZUO for 31 gold pieces
 23768 | Orc:2    | Bought a potion of might for 124 gold pieces
 23768 | Orc:2    | Bought a scroll of teleportation for 93 gold pieces
 23781 | Orc:2    | Bought a potion of curing for 48 gold pieces
 23783 | Orc:2    | Bought a scroll of magic mapping for 45 gold pieces
 23783 | Orc:2    | Bought a scroll of amnesia for 45 gold pieces
 23785 | Orc:2    | Bought a potion of berserk rage for 50 gold pieces
 23785 | Orc:2    | Bought a potion of brilliance for 40 gold pieces
 23785 | Orc:2    | Bought a potion of lignification for 30 gold pieces
 23785 | Orc:2    | Bought a potion of might for 40 gold pieces
 23785 | Orc:2    | Bought a potion of curing for 30 gold pieces
 23785 | Orc:2    | Bought a potion of might for 40 gold pieces
 23785 | Orc:2    | Bought a potion of curing for 30 gold pieces
 23787 | Orc:2    | Bought a scroll of blinking for 97 gold pieces
 23787 | Orc:2    | Bought a scroll of enchant armour for 97 gold pieces
 23787 | Orc:2    | Bought a scroll of enchant armour for 97 gold pieces
 24182 | D:12     | Reached skill level 1 in Invocations
 24972 | D:12     | Noticed a frost giant
 25016 | D:12     | Reached skill level 5 in Invocations
 25066 | D:12     | Killed a frost giant
 25570 | D:12     | Reached XP level 16. HP: 121/125 MP: 19/21
 25689 | D:12     | Got an emerald-encrusted plate armour
 25700 | D:12     | Identified the +6 plate armour "Wojadwich" {*Corrode rF+++
                  | rC- rN+} (You found it on level 12 of the Dungeon)
 25744 | D:12     | Identified the Guide on Changing
 26257 | D:13     | Found Atiyfocy's Assorted Antiques.
 26265 | D:13     | Bought a glowing diamond ring for 160 gold pieces
 26265 | D:13     | Bought a scroll of identify for 64 gold pieces
 26900 | D:13     | Found a gate to the Vaults.
 27888 | D:15     | Entered Level 15 of the Dungeon
 27973 | D:15     | Found a flickering gateway to a bazaar.
 27985 | D:15     | Reached skill level 20 in Long Blades
 27993 | Bazaar   | Entered a bazaar
 27993 | Bazaar   | Found Erghoalea's Distillery.
 27993 | Bazaar   | Found Ilufaon's General Store.
 28019 | Bazaar   | Found Aluczipn's Gadget Emporium.
 28045 | Bazaar   | Found Bedirghong's Antique Armour Boutique.
 28059 | Bazaar   | Found Fafaibok's Antique Weapon Emporium.
 28094 | Bazaar   | Bought a glowing scarf for 240 gold pieces
 28094 | Bazaar   | Bought a shiny helmet for 225 gold pieces
 28154 | Bazaar   | Bought a potion of curing for 51 gold pieces
 28154 | Bazaar   | Bought 2 potions of curing for 102 gold pieces
 28154 | Bazaar   | Bought a scroll of identify for 34 gold pieces
 28164 | Bazaar   | Bought a potion of lignification for 36 gold pieces
 28164 | Bazaar   | Bought a potion of heal wounds for 60 gold pieces
 28164 | Bazaar   | Bought a potion of heal wounds for 60 gold pieces
 28164 | Bazaar   | Bought a potion of flight for 36 gold pieces
 28164 | Bazaar   | Bought a potion of berserk rage for 60 gold pieces
 28164 | Bazaar   | Bought a potion of lignification for 36 gold pieces
 28271 | D:15     | HP: 6/127 [ettin/dire flail (30)]
 28271 | D:15     | Slain by a centaur warrior

Skill      XL: |  1  2  3  4  5  6  7  8  9 10 11 12 13 14 15 16 |
---------------+-------------------------------------------------+-----
Long Blades    | 3 4 5 6 8 11 12 14 16 18 19 20 | 20.0
Fighting       | 7 8 11 | 11.8
Armour         | 6 9 10 | 10.5
Dodging        | 5 |  5.0
Evocations     | 2 4 |  4.4
Invocations    | 6 9 |  9.6
Shields        | |  3.0

Action                   |  1- 3 |  4- 6 |  7- 9 | 10-12 | 13-15 | 16-18 || total
-------------------------+-------+-------+-------+-------+-------+-------++-------
Melee: Long sword        |   121 |   169 |   106 |       |       |       ||   396
       Dagger            |       |    99 |       |       |   173 |       ||   272
       Great sword       |       |       |   119 |    48 |       |       ||   167
       Scimitar          |       |       |       |   574 |       |       ||   574
       Double sword      |       |       |       |    73 |  1489 |   428 ||  1990
Invok: Divine Shield     |       |       |       |     1 |     8 |     1 ||    10
       Cleansing Flame   |       |       |       |       |       |     5 ||     5
       Summon Divine War |       |       |       |       |       |     1 ||     1
 Abil: Evoke Berserk Rag |       |       |       |     1 |     8 |       ||     9
Evoke: Wand              |       |       |       |       |     2 |       ||     2
  Use: Potion            |       |     1 |     1 |     3 |     7 |       ||    12
       Scroll            |       |       |     6 |    13 |    11 |     3 ||    33
  Eat: Chunk             |       |     8 |     5 |    23 |    40 |    10 ||    86
       Ration            |       |       |     1 |     1 |     5 |       ||     7
Armor: Scale mail        |    51 |    87 |    23 |       |       |       ||   161
       Plate armour      |       |       |   105 |   308 |  1078 |   299 ||  1790
       Ice dragon scales |       |       |       |    75 |     9 |       ||    84
Dodge: Dodged            |    35 |    76 |    70 |   167 |   433 |    94 ||   875
Block: Shield            |    75 |   105 |    33 |   260 |   860 |   202 ||  1535
       Rpst.: Long sword |    15 |     9 |    13 |       |       |       ||    37
       Great sword       |       |       |    13 |     4 |       |       ||    17
       Scimitar          |       |       |       |    36 |       |       ||    36
       Double sword      |       |       |       |     2 |   115 |    20 ||   137
